 Dungeon Crawl Stone Soup version 0.30.1-9-gdf580d7c3d (webtiles) character file.

Game seed: 1749820651866947316

264 Ninjinzu the Slasher (level 5, -1/63 HPs)
             Began as a Demonspawn Berserker on Oct 8, 2023.
             Was a Believer of Trog.
             Slain by a gnoll
             ... wielding a +0 club
              (4 damage)
             ... on level 3 of the Dungeon.
             The game lasted 00:05:38 (2331 turns).

Ninjinzu the Slasher (Demonspawn Berserker)         Turns: 2331, Time: 00:05:39

Health: -1/63      AC:  2    Str: 19    XL:     5   Next: 98%
Magic:  5/5        EV: 12    Int:  8    God:    Trog [**....]
Gold:   127        SH:  4    Dex: 13    Spells: 4/4 levels left

rFire   . . .        k - +1 flail (protect)
rCold   . . .        (no shield)
rNeg    . . .        b - +0 animal skin
rPois   .            (no helmet)
rElec   .            (no cloak)
rCorr   .            (no gloves)
SInv    .            (no boots)
Will    .....        n - amulet of regeneration Stlth
                     (no ring)
HPRegen 1.10/turn    (no ring)
MPRegen 0.09/turn

%: no passive effects
@: berserking, very quick
A: hooves 1, large bone plates 1, demonic guardian 1
a: Renounce Religion, Berserk, Trog's Hand


You were on level 3 of the Dungeon.
You worshipped Trog.
Trog was pleased with you.
You visited 1 branch of the dungeon, and saw 3 of its levels.

You collected 127 gold pieces.

Inventory:

Hand Weapons
 a - a +0 falchion
 h - a +3 dagger
 k - a +1 flail of protection (weapon)
Armour
 b - a +0 animal skin (worn)
 m - the +0 leather armour of Mezcal {rPois rC+++ Will- Dex-2}
   (You found it on level 3 of the Dungeon)

   Dex:       It affects your dexterity (-2).
   rC:        It renders you almost immune to cold.
   rPois:     It protects you from poison.
   Will:      It decreases your willpower.
Jewellery
 n - an amulet of regeneration (around neck)
Scrolls
 c - 3 scrolls of summoning {unknown}
 d - a scroll of enchant armour {unknown}
 e - a scroll of identify {unknown}
 g - 2 scrolls of teleportation {unknown}
 i - 2 scrolls of fog {unknown}
 l - 2 scrolls of vulnerability {unknown}
 o - 3 scrolls of noise {unknown}
Potions
 f - 2 potions of curing
 j - a potion of ambrosia {unknown}


   Skills:
 + Level 3.9 Fighting
 + Level 1.0(2.7) Short Blades
 + Level 4.1(4.2) Long Blades
 + Level 0.4 Maces & Flails
 + Level 2.0 Armour
 + Level 3.0 Dodging
 + Level 1.1 Stealth
 + Level 1.3 Shields


You had 4 spell levels left.
You didn't know any spells.
Your spell library was empty.

Dungeon Overview and Level Annotations

Branches:
Dungeon (3/15)

Altars:

Shops:
D:1 ?


Innate Abilities, Weirdness & Mutations

You have large cloven feet.
You are partially covered in large bone plates. (SH +4)
A weak demonic guardian rushes to your aid.


Message History

A gnoll is nearby!
Your quasit disappears in a puff of smoke!
Things that are here:
a +0 mace; 3 boomerangs of dispersal; a +0 ring mail A gnoll comes into view.
It is wielding a +0 spear.
A gnoll comes into view. It is wielding a +0 club.
You barely miss the gnoll. Your kick misses the gnoll.
The gnoll closely misses you.
You sock the gnoll!
Your weapon exudes an aura of protection.
The gnoll is severely wounded.
The gnoll hits you with a +0 whip. The gnoll hits you with a +0 club.
The gnoll closely misses you. The gnoll hits you but does no damage.
You hit the gnoll. You kick the gnoll.
The gnoll is lightly wounded.
The gnoll closely misses you. The gnoll hits you with a +0 club.
The gnoll hits you with a +0 whip.
You barely miss the gnoll.
The gnoll is lightly wounded.
You block the gnoll's attack. The gnoll hits you with a +0 spear!
The gnoll closely misses you. x3; The gnoll hits you with a +0 whip.
You completely miss the gnoll. You kick the gnoll, but do no damage.
The gnoll is lightly wounded.
The gnoll closely misses you. You block the gnoll's attack.
The gnoll hits you with a +0 whip!
You barely miss the gnoll. Your kick misses the gnoll.
The gnoll is lightly wounded.
The gnoll hits you with a +0 spear. The gnoll closely misses you.
The gnoll hits you with a +0 whip!
* * * LOW HITPOINT WARNING * * *
A demonic guardian appears!
A red film seems to cover your vision as you go berserk!
You feel yourself moving faster!
You feel mighty! The gnoll hits you with a +0 spear.
* * * LOW HITPOINT WARNING * * *
The gnoll hits you with a +0 whip.
* * * LOW HITPOINT WARNING * * *
The gnoll hits you with a +0 club.
You die...

##.#. #.# #...
#....# #.#####...
#....# #.#.......
.....#####.........
#.#......†.#.......
#.#.#..#.#######...
#.#.#..#.# #...
######g.g.))).# #...
......g@..#.### #...
#.#..##....)# #.÷. #
#.#5###########...
...#.##.......##...
.####.##.#####...###
#. #.##.##......###
. ..##.##.##.....<
####.##.##.#####
#.......# ###


You could see 3 gnolls and a friendly shadow imp (summoned).

Vanquished Creatures
  Sigmund (D:2)
  5 adders
  4 orcs (D:3)
  5 endoplasms
  3 giant cockroaches
  4 goblins
  3 hobgoblins
  4 jackals (D:1)
  3 quokkas
  11 ball pythons
  6 bats
  2 frilled lizards
  4 kobolds
  3 rats
58 creatures vanquished.

Vanquished Creatures (collateral kills)
  An adder (D:3)
1 creature vanquished.

Grand Total: 59 creatures vanquished

Notes
Turn   | Place    | Note
-------+----------+-------------------------------------------
     0 | D:1      | Ninjinzu the Demonspawn Berserker began the quest for the
                  | Orb.
     0 | D:1      | Reached XP level 1. HP: 18/18 MP: 1/1
   116 | D:1      | Gained mutation: You are partially covered in large bone
                  | plates. (SH +4) [demonic ancestry]
   116 | D:1      | Reached XP level 2. HP: 13/24 MP: 2/2
   171 | D:1      | Reached skill level 3 in Long Blades
   600 | D:1      | Reached ** piety under Trog
   749 | D:1      | Reached XP level 3. HP: 27/29 MP: 3/3
   915 | D:1      | Found Dapseefe's Magic Scroll Shoppe.
  1023 | D:2      | Noticed Sigmund
  1035 | D:2      | Killed Sigmund
  1036 | D:2      | Reached skill level 4 in Long Blades
  1036 | D:2      | Reached skill level 1 in Shields
  1036 | D:2      | Gained mutation: A weak demonic guardian rushes to your
                  | aid. [demonic ancestry]
  1036 | D:2      | Reached XP level 4. HP: 37/37 MP: 4/4
  1036 | D:2      | Gained mutation: You have large cloven feet. [demonic
                  | ancestry]
  1036 | D:2      | Reached XP level 5. HP: 42/42 MP: 5/5
  1490 | D:2      | Reached skill level 1 in Stealth
  1733 | D:2      | Reached skill level 1 in Short Blades
  2182 | D:3      | Identified the +0 leather armour of Mezcal {rPois rC+++
                  | Will- Dex-2}
  2331 | D:3      | HP: 3/63 [gnoll/+0 whip (5)]
  2331 | D:3      | Slain by a gnoll

Illustrated notes

Levels and vault maps discovered:
D:1:      tarquinn_simple_flora_water_e, layout_loops_ring, serial_shops, shop
D:2:      layout_basic, uniq_sigmund
D:3:      layout_loops_cross

Skill      XL: |  1  2  3  4  5 |
---------------+----------------+-----
Long Blades    | 3 4 |  4.1
Dodging        | 2 3 |  3.0
Armour         | 2 |  2.0
Shields        | 1 |  1.3
Stealth        | 1 |  1.1
Short Blades   | 1 |  1.0
Fighting       | |  3.9
Maces & Flails | |  0.4

Action                     |  1- 3 |  4- 6 || total
---------------------------+-------+-------++-------
  Melee: Falchion          |    72 |       ||    72
         Dagger            |    21 |       ||    21
         Flail             |     4 |    82 ||    86
         Punch             |     1 |     1 ||     2
         Kick              |       |    18 ||    18
 Invoke: Berserk           |     1 |     1 ||     2
    Use: Potion            |     4 |       ||     4
   Stab: Invisible         |     1 |     1 ||     2
         Distracted        |       |     1 ||     1
         Sleeping          |       |     1 ||     1
 Armour: Animal skin       |    17 |    24 ||    41
  Dodge: Dodged            |    84 |    60 ||   144
  Block: Other             |    14 |    18 ||    32
